 Dungeon Crawl Stone Soup version 0.30-b1-2-g02819fbbbe (webtiles) character file.

Game seed: 13898827370428751552

267 Alarkh the Shooter (level 6, 44/44 HPs)
             Began as a Demonspawn Hexslinger on July 7, 2023.
             Got out of the dungeon alive.
             The game lasted 00:04:56 (3021 turns).

Alarkh the Shooter (Demonspawn Hexslinger)          Turns: 3021, Time: 00:04:57

Health: 44/44      AC: 13    Str: 10    XL:     6   Next: 0%
Magic:  7/7        EV:  0    Int: 17    God:
Gold:   154        SH:  0    Dex: 13    Spells: 6/7 levels left

rFire   + . .        a - +1 sling
rCold   + . .        (no shield)
rNeg    . . .        p - +0 gold dragon scales
rPois   +            (helmet restricted)
rElec   .            (no cloak)
rCorr   .            (no gloves)
SInv    .            (no boots)
Will    .....        (no amulet) Stlth
                     l - +5 ring of evasion
HPRegen 0.27/turn    (no ring)
MPRegen 0.10/turn

%: no passive effects
@: no status effects
A: antennae 1, rugged brown scales 1
a: no special abilities


You escaped.
You visited 1 branch of the dungeon, and saw 4 of its levels.

You collected 202 gold pieces.
You spent 48 gold pieces at shops.

Inventory:

Hand Weapons
 a - a +1 sling (weapon)
 b - a +0 demon whip of venom
Armour
 c - a +0 robe
 m - a +2 hat
 p - +0 gold dragon scales (worn)
 r - a +0 ring mail
 s - a +2 helmet
Jewellery
 l - a +5 ring of evasion (left hand)
Wands
 u - a wand of flame (4)
Scrolls
 d - a scroll of fear
 f - 2 scrolls of teleportation
 h - a scroll of noise {unknown}
 j - a scroll of butterflies {unknown}
 k - 2 scrolls of blinking
 t - a scroll of amnesia {unknown}
 v - a scroll of acquirement {unknown}
Potions
 e - 2 potions of curing {unknown}
 g - a potion of might {unknown}
 i - a potion of heal wounds
 n - a potion of mutation
 o - 2 potions of degeneration {unknown}
 q - a potion of brilliance
 w - a potion of magic {unknown}


   Skills:
 - Level 1.0 Fighting
 + Level 5.8 Ranged Weapons
 - Level 1.7 Dodging
 - Level 1.0 Spellcasting
 - Level 3.0 Hexes


You had 6 spell levels left.
You knew the following spells:

 Your Spells              Type           Power      Damage    Failure   Level
a - Slow                  Hex            44%        N/A       100%        1

Your spell library contained the following spells:

 Spells                   Type           Power      Damage    Failure   Level
 Magic Dart               Conj           0%         1d3       100%        1
 Call Imp                 Summ           0%         N/A       100%        2
 Call Canine Familiar     Summ           0%         N/A       100%        3
 Inner Flame              Hex/Fire       5%         N/A       100%        3
 Mephitic Cloud           Conj/Pois/Air  0%         N/A       100%        3
 Ozocubu's Armour         Ice            0%         N/A       100%        3
 Portal Projectile        Hex/Tloc       10%        N/A       100%        3
 Cause Fear               Hex            5%         N/A       100%        4
 Leda's Liquefaction      Hex/Erth       2%         N/A       100%        4
 Metabolic Englaciation   Hex/Ice        2%         N/A       100%        5
 Simulacrum               Ice/Necr       0%         N/A       100%        6


Dungeon Overview and Level Annotations

Branches:
Dungeon (4/15)             Temple (0/1) D:4

Altars:

Shops:
D:1 *   D:3 (


Innate Abilities, Weirdness & Mutations

You have a pair of small antennae on your head.
You are partially covered in rugged brown scales. (AC +1, +3% HP)


Message History

Found a metallic amethyst potion.
There is an open door here.
You shoot a sling bullet. The sling bullet hits the dart slug.
The dart slug is moderately wounded.
You shoot a sling bullet.
The sling bullet barely misses the dart slug.
The dart slug briefly extends its eye-stalks.
You shoot a sling bullet. The sling bullet hits the dart slug.
The dart slug is severely wounded.
You shoot a sling bullet. The sling bullet hits the dart slug!
You kill the dart slug!
You have reached level 6!
Your demonic ancestry asserts itself...
A pair of antennae grows on your head!
Your +2 helmet falls away!
You start removing your armour.
You continue taking off your +0 ring mail. x4
You finish taking off your +0 ring mail.
You start putting on your armour.
You continue putting on your +0 gold dragon scales. x5
You finish putting on your +0 gold dragon scales.
(D) Dungeon (T) Temple
Where to? (Enter - D:4, ? - help)
What level of the Dungeon? (default 1, ? - help)
There is a stone staircase leading up here.
You climb upwards.
There is a stone staircase leading down, spattered with blood here.
You see here a +0 club.
There is a stone staircase leading up here.
You climb upwards.
There is a stone staircase leading down here.
There is a stone staircase leading up here.
You climb upwards.
There is a stone staircase leading down here.
You see here a +0 dagger.
You see here a +0 ring mail.
There is an open door here.
There is a staircase leading out of the dungeon here.
Are you sure you want to leave the Dungeon?
This will make you lose the game!
You have escaped!

.###### #..........##≈≈≈#+.....#
......###.###.[....#.....#.#.###
..........###......≈.....≈.#.#
.#..........#......≈..⌠..≈.#.#
.#........###...§..#.....#.#.#
.#.....#.######≈§§###≈≈≈####.#
.....#.#..##.#..§.§#......##.#
.....#[##.##.≈..§.§≈......##.#
.....#.##.##.§..@.§≈......##.#
...###.......#....§#......##)#
..## ####....'#≈≈§##.........#
...# #.#........######...## ...#
#.########## #...# ...# ###.#
##### ...# #...# ..^# #.### ####
#.#


There were no monsters in sight!

Vanquished Creatures
  An orc priest (D:4)
  Jessica (D:3)
  Ijyb (D:3)
  An orc wizard (D:3)
  3 gnolls (D:2)
  4 adders
  3 dart slugs
  7 orcs
  6 bats
  5 endoplasms
  6 giant cockroaches
  6 goblins
  12 hobgoblins
  2 jackals (D:4)
  7 ball pythons
  3 frilled lizards
  10 kobolds
  7 rats
85 creatures vanquished.

Notes
Turn   | Place    | Note
-------+----------+-------------------------------------------
     0 | D:1      | Alarkh the Demonspawn Hexslinger began the quest for the
                  | Orb.
     0 | D:1      | Reached XP level 1. HP: 15/15 MP: 2/2
    15 | D:1      | Reached skill level 2 in Ranged Weapons
   127 | D:1      | Gained mutation: You are partially covered in rugged brown
                  | scales. (AC +1, +3% HP) [demonic ancestry]
   127 | D:1      | Reached XP level 2. HP: 15/21 MP: 3/3
   346 | D:1      | Reached skill level 3 in Ranged Weapons
   364 | D:1      | Found Zekoh's General Store.
   370 | D:1      | Bought a scroll of fear for 48 gold pieces
   551 | D:1      | Reached XP level 3. HP: 26/26 MP: 4/4
   954 | D:2      | Reached XP level 4. HP: 32/32 MP: 5/5
   997 | D:2      | Reached skill level 4 in Ranged Weapons
  1995 | D:3      | Noticed Jessica
  1997 | D:3      | Reached XP level 5. HP: 38/38 MP: 6/6
  2015 | D:3      | Killed Jessica
  2016 | D:3      | Reached skill level 5 in Ranged Weapons
  2098 | D:3      | Found Runogut's Antique Weapon Emporium.
  2102 | D:3      | Noticed Ijyb
  2112 | D:3      | Paralysed by Ijyb for 3 turns
  2287 | D:3      | Killed Ijyb
  2581 | D:4      | Found a staircase to the Ecumenical Temple.
  2879 | D:4      | Gained mutation: You have a pair of small antennae on your
                  | head. [demonic ancestry]
  2879 | D:4      | Reached XP level 6. HP: 44/44 MP: 7/7
  3021 | D:$      | Got out of the dungeon alive.

Illustrated notes

Levels and vault maps discovered:
D:1:      dpeg_arrival_rooms_with_view, layout_loops_cross, serial_shops, shop,
          minivault_4
D:2:      layout_basic, chequers_serial_rivers_micro_b
D:3:      corexii_shack_village, layout_basic, serial_shops,
          nicolae_shop_waterfront, st_stairs_9, mrwooster_statue_mirror,
          grunt_decor_one_mirror, uniq_jessica, uniq_ijyb
D:4:      layout_basic, minmay_temple_entry_ruins

Skill      XL: |  1  2  3  4  5 |
---------------+----------------+-----
Ranged Weapons | 2 3 4 5 |  5.8
Fighting       | |  1.0
Dodging        | |  1.7
Spellcasting   | |  1.0
Hexes          | |  3.0

Action                     |  1- 3 |  4- 6 || total
---------------------------+-------+-------++-------
  Melee: Demon whip        |       |     3 ||     3
   Fire: Sling             |   117 |   248 ||   365
  Evoke: Wand              |       |     1 ||     1
    Use: Scroll            |     1 |     5 ||     6
         Potion            |     1 |     1 ||     2
 Armour: Robe              |    10 |     1 ||    11
         Ring mail         |       |    56 ||    56
  Dodge: Dodged            |    45 |   113 ||   158
